 Dungeon Crawl Stone Soup version 0.30-a0-632-g346586fe48 (webtiles) character file.

Game seed: 13752403636305220031

18758 wormed the Transmogrifier (level 12, -2/98 HPs)
             Began as an Octopode Transmuter on Jan 14, 2023.
             Was an Initiate of Gozag.
             Killed from afar by a will-o-the-wisp (40 damage)
             ... with a foxfire
             ... on level 2 of the Lair of Beasts.
             The game lasted 00:21:37 (15468 turns).

wormed the Transmogrifier (Octopode Transmuter)    Turns: 15468, Time: 00:21:38

Health: -2/98      AC:  9    Str: 16    XL:     12   Next: 61%
Magic:  18/23      EV: 22    Int: 20    God:    Gozag
Gold:   1324       SH:  0    Dex: 12    Spells: 20/26 levels left

rFire   x . .      SeeInvis .      - Unarmed
rCold   + + +      Faith    .    (shield currently unavailable)
rNeg    . . .      Spirit   .    (helmet currently unavailable)
rPois   +          Reflect  .    p - amulet of regeneration
rElec   .          Harm     .    v - +6 ring of strength
rCorr   .          Rampage  .    z - ring of willpower
Will    +....                    C - +5 ring of evasion
Stlth   +                        E - +5 ring of evasion
HPRegen 1.16/turn                (no ring)
MPRegen 0.18/turn                (no ring)
                                 (no ring)
                                 (no ring)

@: ice-form, wereblooded
A: freezing attack, boosted hp, almost no armour, amphibious, 8 rings, large,
(camouflage 1), (gelatinous body 1), (nimble swimmer 1), (tentacles)
a: End Transformation, Renounce Religion, Potion Petition, Call Merchant, Bribe
Branch


You were on level 2 of the Lair of Beasts.
You worshipped Gozag.
Gozag was most pleased with you.
You were a creature of crystalline ice.
You visited 2 branches of the dungeon, and saw 13 of its levels.
You also visited: Bailey.

You collected 3918 gold pieces.
You spent 420 gold pieces at shops.
You paid 2174 gold pieces to Gozag.

Inventory:

Missiles
 m - 2 throwing nets
Jewellery
 p - an amulet of regeneration (around neck)
 r - a ring of fire
 v - a +6 ring of strength (left front paw)
 x - a ring of positive energy
 z - a ring of willpower (right front paw)
 A - a ring of magical power
 C - a +5 ring of evasion (on tentacle)
 E - a +5 ring of evasion (on tentacle)
 F - a ring of ice
Wands
 n - a wand of iceblast (24)
 o - a wand of quicksilver (10)
 q - a wand of flame (16)
 y - a wand of charming (11)
 B - a wand of mindburst (16)
Scrolls
 b - 4 scrolls of brand weapon
 f - 3 scrolls of vulnerability
 g - 2 scrolls of enchant armour
 k - a scroll of fear
 t - 2 scrolls of amnesia
 w - 3 scrolls of teleportation
 D - 3 scrolls of identify
Potions
 a - 3 potions of lignification
 c - a potion of mutation
 d - 3 potions of flight
 e - a potion of might
 h - 3 potions of attraction
 i - 4 potions of haste {unknown}
 j - 8 potions of curing {unknown}
 l - 2 potions of magic
 s - 3 potions of ambrosia
 u - 2 potions of resistance


   Skills:
 + Level 7.9 Fighting
 + Level 8.2 Dodging
 + Level 8.5 Unarmed Combat
 + Level 7.6 Spellcasting
 + Level 3.3 Summonings
 + Level 3.3 Translocations
 * Level 11.6 Transmutations
 - Level 4.0 Ice Magic


You had 20 spell levels left.
You knew the following spells:

 Your Spells              Type           Power      Damage    Failure   Level
a - Wereblood             Tmut           52%        N/A       1%          2
b - Ice Form              Ice/Tmut       38%        N/A       3%          4

Your spell library contained the following spells:

 Spells                   Type           Power      Damage    Failure   Level
 Beastly Appendage        Tmut           100%       N/A       1%          1
 Spider Form              Tmut/Pois      30%        N/A       2%          3
 Shock                    Conj/Air       28%        1d4       9%          1
 Slow                     Hex            28%        N/A       9%          1
 Petrify                  Tmut/Erth      30%        N/A       9%          4
 Sublimation of Blood     Necr           7%         N/A       14%         2
 Passage of Golubria      Tloc           21%        N/A       22%         4
 Irradiate                Conj/Tmut      15%        3d16      22%         5
 Yara's Violent Unravell  Hex/Tmut       15%        3d8       22%         5
 Confusing Touch          Hex            7%         N/A       26%         3
 Stone Arrow              Conj/Erth      14%        3d7       26%         3
 Swiftness                Air            7%         N/A       26%         3
 Tukima's Dance           Hex            7%         N/A       26%         3
 Vampiric Draining        Necr           7%         2d6       26%         3
 Summon Forest            Summ/Tloc      10%        N/A       52%         5
 Airstrike                Air            3%         2d(1-17)  65%         4
 Eringya's Noxious Bog    Tmut/Pois      15%        N/A       77%         6
 Summon Hydra             Summ           10%        N/A       100%        7
 Lehudib's Crystal Spear  Conj/Erth      3%         10d3      100%        8
 Animate Armour           Summ/Erth      Unusable   N/A       N/A         4

Dungeon Overview and Level Annotations

Branches:
Dungeon (11/15)            Temple (0/1) D:4            Lair (2/5) D:8
  Swamp (0/4) Lair:2       Bailey (visited)
  Snake: Lair:2-3    Spider: Lair:2-3       Orc: D:9-12

Altars:
Ashenzari
Gozag
Hepliaklqana
Nemelex Xobeh
Ru
Trog
Vehumet
Wu Jian
Zin

Shops:
D:1 !   D:3 *   D:5 =   D:9 :   Lair:1 =

Annotations:
D:10 3 runed translucent doors


Innate Abilities, Weirdness & Mutations

You are a creature of crystalline ice.
You have a powerful freezing melee attack.
Your maximum health is increased.
Your armour is entirely melded.
You are incapable of wielding weapons or throwing items.
You cannot wear most types of armour.
You are amphibious.
You can wear up to eight rings at the same time.
((Your skin changes colour to match your surroundings (Stealth+).))
((Your rubbery body absorbs attacks. (AC +1, EV +1)))
((You are camouflaged when in or above water. (Stealth+)))
((You have tentacles for arms and can constrict up to eight enemies at once.))


Message History

There is a stone staircase leading up here.
Casting: Ice Form (dangerous; 3% risk of failure)
Confirm with . or Enter, or press ? or * to list all spells.
Your blood is infused with primal strength.
The water moccasin hisses angrily.
Casting: Wereblood (safe; 1% risk of failure)
Confirm with . or Enter, or press ? or * to list all spells.
You extend your transformation's duration.
There are monsters nearby!
Found a wand of iceblast (4).
A komodo dragon comes into view.
The komodo dragon hisses angrily.
The water moccasin bites you. The will-o-the-wisp misses you.
The water moccasin misses you.
You hit the will-o-the-wisp. You freeze the will-o-the-wisp.
The will-o-the-wisp is lightly damaged.
The will-o-the-wisp barely misses you. The water moccasin misses you.
You hit the will-o-the-wisp. You freeze the will-o-the-wisp.
The will-o-the-wisp is moderately damaged.
The water moccasin bites you.
The will-o-the-wisp gestures.
The will-o-the-wisp conjures some foxfire! 2 foxfires come into view.
You hit the will-o-the-wisp but do no damage.
The will-o-the-wisp is moderately damaged.
The foxfire hits you!! The fire burns you terribly! The foxfire hits you!
The fire burns you terribly! The water moccasin misses you.
The will-o-the-wisp closely misses you.
You barely miss the will-o-the-wisp.
The will-o-the-wisp is moderately damaged.
The water moccasin closely misses you.
The will-o-the-wisp gestures.
The will-o-the-wisp conjures some foxfire! 2 foxfires come into view.
You punch the will-o-the-wisp! You freeze the will-o-the-wisp.
The will-o-the-wisp is severely damaged.
The foxfire hits you!! The fire burns you terribly! The foxfire hits you!!!
The fire burns you terribly!
You die...
Your body crumbles into a pile of gold.

$ ##.#.#.......
..§§§....... #.
#.§§§.§....##P.
#P.§§§.§.......
$ #§§§§§.../..#
#§§§l§.....#.
#§vSv.....♣
#§Y.## #....#
###.<♣ #♣♣♣ $


You could see a komodo dragon, a will-o-the-wisp and a water moccasin.

Vanquished Creatures
  3 two-headed ogres
  An orc knight (Bailey)
  A cyclops (D:11)
  Joseph (D:7)
  A black mamba (Lair:1)
  A cane toad (Lair:1)
  A gargoyle (D:9)
  2 rime drakes (Lair:1)
  6 komodo dragons (Lair:1)
  2 trolls (D:11)
  A hornet (D:11)
  4 blink frogs (Lair:1)
  Sigmund (D:5)
  A shadow (D:9)
  3 wyverns
  26 yaks
  2 steam dragons
  2 basilisks (D:8)
  Menkaure (D:7)
  Duvessa (D:5)
  An acid dragon (D:9)
  5 water moccasins
  An ice beast (D:6)
  A sky beast (D:7)
  9 orc warriors
  4 black bears
  2 centaurs
  An ogre (D:5)
  2 phantoms
  7 bullfrogs
  9 kobold brigands
  2 gnoll sergeants (D:5)
  2 necrophages
  6 scorpions
  18 wights
  Dowan (D:5)
  A killer bee (Lair:1)
  A jelly (D:4)
  4 hounds
  3 orc priests
  A gnoll bouda (D:8)
  Ijyb (D:4)
  7 iguanas
  6 orc wizards
  4 hell rats (Lair:1)
  Robin (D:3)
  17 gnolls
  15 adders
  A river rat (D:3)
  A shadow imp (D:8)
  2 white imps
  6 worms (D:3)
  4 dart slugs
  25 orcs
  13 ball pythons
  5 endoplasms
  4 giant cockroaches
  18 goblins
  9 hobgoblins
  3 jackals (D:1)
  2 quokkas
  6 bats
  8 frilled lizards
  23 kobolds
  8 rats
331 creatures vanquished.

Vanquished Creatures (others)
  3 foxfires (Lair:2)
  13 fungi
  21 plants
37 creatures vanquished.

Grand Total: 368 creatures vanquished

Notes
Turn   | Place    | Note
-------+----------+-------------------------------------------
     0 | D:1      | wormed the Octopode Transmuter began the quest for the Orb.
     0 | D:1      | Reached XP level 1. HP: 13/13 MP: 3/3
     5 | D:1      | Found Umell's Distillery.
    58 | D:1      | Reached XP level 2. HP: 13/18 MP: 5/5
   289 | D:1      | Learned a level 2 spell: Wereblood
   309 | D:1      | Reached XP level 3. HP: 20/23 MP: 3/6
   670 | D:1      | Reached skill level 1 in Ice Magic
  1211 | D:2      | Reached XP level 4. HP: 24/28 MP: 3/7
  1228 | D:2      | Learned a level 4 spell: Ice Form
  1348 | D:2      | Reached skill level 3 in Transmutations
  1678 | D:2      | Found an opulent altar of Gozag.
  1939 | D:2      | Became a worshipper of Gozag Ym Sagoz the Greedy
  2093 | D:3      | Found Muontuz's General Store.
  2140 | D:3      | Noticed a scorpion
  2387 | D:3      | Reached XP level 5. HP: 34/34 MP: 3/8
  2649 | D:3      | Found a faded altar of an unknown god.
  2679 | D:3      | Found a bloodstained altar of Trog.
  2882 | D:3      | Noticed a phantom
  2891 | D:3      | Killed a phantom
  2892 | D:3      | Reached XP level 6. HP: 39/39 MP: 0/10
  3073 | D:3      | Noticed Robin
  3078 | D:3      | Killed Robin
  3348 | D:3      | Reached skill level 4 in Transmutations
  3842 | D:4      | Found a staircase to the Ecumenical Temple.
  3867 | D:4      | Reached XP level 7. HP: 38/45 MP: 7/11
  4043 | D:4      | Noticed Ijyb
  4058 | D:4      | Killed Ijyb
  5059 | D:5      | Entered Level 5 of the Dungeon
  5077 | D:5      | Reached skill level 5 in Transmutations
  5154 | D:5      | HP: 2/55 [gnoll sergeant/+4 spear of flaming (1)]
  5156 | D:5      | Reached XP level 8. HP: 5/52 MP: 7/13
  5523 | D:5      | Noticed Duvessa
  5523 | D:5      | Noticed Dowan
  5537 | D:5      | Killed Duvessa
  5541 | D:5      | Killed Dowan
  6269 | D:5      | Noticed Sigmund
  6351 | D:5      | Killed Sigmund
  6352 | D:5      | Reached skill level 6 in Transmutations
  6637 | D:5      | Reached skill level 5 in Unarmed Combat
  6891 | D:5      | Identified a scroll of acquirement
  6891 | D:5      | Acquired 476 gold pieces
  6903 | D:5      | Bought an amulet of regeneration for 420 gold pieces
  6961 | D:6      | Reached XP level 9. HP: 48/58 MP: 8/15
  7942 | D:6      | Found a glowing silver altar of Zin.
  8233 | D:7      | Noticed Joseph
  8240 | D:7      | Reached skill level 7 in Transmutations
  8249 | D:7      | Killed Joseph
  8250 | D:7      | Reached skill level 5 in Dodging
  8441 | D:6      | Identified the +3 leather armour of Negg {rElec MP+9 Int+3
                  | Dex+3 Stlth-}
  8456 | D:7      | Reached skill level 5 in Spellcasting
  8529 | D:7      | Reached skill level 5 in Fighting
  8757 | D:7      | Noticed Menkaure
  8762 | D:7      | Killed Menkaure
  8763 | D:7      | Reached skill level 8 in Transmutations
  8763 | D:7      | Reached XP level 10. HP: 66/66 MP: 10/17
  9927 | D:8      | Found an ornate altar of the Wu Jian Council.
 10170 | D:8      | Reached skill level 9 in Transmutations
 10207 | D:8      | Found a staircase to the Lair.
 11006 | D:9      | Noticed a two-headed ogre
 11015 | D:9      | Killed a two-headed ogre
 11167 | D:9      | Reached XP level 11. HP: 48/72 MP: 14/20
 11359 | D:9      | Found a flagged portal.
 11367 | Bailey   | Entered a bailey
 11530 | Bailey   | Noticed an orc knight
 11571 | Bailey   | Killed an orc knight
 11572 | Bailey   | Reached skill level 10 in Transmutations
 11657 | Bailey   | Found a bloodstained altar of Trog.
 12278 | D:10     | Entered Level 10 of the Dungeon
 12367 | D:10     | Found a radiant altar of Vehumet.
 12543 | D:10     | Found a sparkling altar of Nemelex Xobeh.
 12545 | D:10     | Found a broken altar of Ashenzari.
 12758 | D:10     | Found a runed translucent gate.
 12759 | D:10     | Found a runed translucent gate.
 12759 | D:10     | Found a runed translucent gate.
 12761 | D:10     | Noticed a white ugly thing
 12761 | D:10     | Noticed a glowing orange brain
 12761 | D:10     | Noticed a red ugly thing
 12761 | D:10     | Noticed a green ugly thing
 12761 | D:10     | an eye of devastation changed into a cyclops
 12761 | D:10     | Noticed a cyclops (glowing shapeshifter)
 12761 | D:10     | Noticed a brown ugly thing
 12762 | D:10     | Noticed a cyan ugly thing
 12872 | D:10     | Found a sacrificial altar of Ru.
 12874 | D:10     | Found a hazy altar of Hepliaklqana.
 13004 | D:11     | Noticed a two-headed ogre
 13012 | D:11     | Killed a two-headed ogre
 13013 | D:11     | Reached skill level 1 in Summonings
 13013 | D:11     | Reached skill level 1 in Translocations
 13201 | D:11     | Noticed a cyclops
 13220 | D:11     | Killed a cyclops
 13307 | D:11     | Noticed a two-headed ogre
 13313 | D:11     | Killed a two-headed ogre
 13749 | D:11     | Reached XP level 12. HP: 73/81 MP: 16/22
 14131 | Lair:1   | Entered Level 1 of the Lair of Beasts
 14246 | Lair:1   | Reached skill level 11 in Transmutations
 15459 | Lair:2   | Found a staircase to the Swamp.
 15468 | Lair:2   | Killed from afar by a will-o-the-wisp

Illustrated notes

Levels and vault maps discovered:
D:1:      minmay_arrival_stone_box, layout_loops_cross, serial_shops,
          nicolae_shop_waterfront, minmay_tall_x
D:2:      layout_basic, basic_altar, hangedman_decor_clover_reticule,
          dreamdust_mushroom_princess
D:3:      layout_loops_ring, bloody_trog, serial_shops, nicolae_lakefront_shop,
          shapermc_ecumenical_altar_mp_vishouse, lightli_sewer_entry_pipes,
          nrook_loot_triangle, uniq_robin
D:4:      layout_loops_corners, minmay_temple_entry_arrows,
          kennysheep_generic_room_7, uniq_ijyb
D:5:      layout_loops_ring, uniq_duvessa, uniq_sigmund
D:6:      layout_gridville, lemuel_round_altar
D:7:      layout_gridville, uniq_joseph, uniq_menkaure
D:8:      layout_loops_corners, nzn_wu_jian_contemplation,
          minmay_lair_entry_grove
D:9:      layout_loops_ring, enter_bailey_3
D:10:     layout_long_grid, nicolae_overflow_hidden_temple,
          vehumet_altar_wand_db, ploomutoo_gammafunk_ghost_potion_laboratory,
          moated_statue
D:11:     layout_cave_pods
Lair:1:   layout_hall_layers, beast_lair_carwin_8, serial_bayou_shore_b
Lair:2:   wad_woods_minihive, layout_loops_ring, minmay_swamp_entry_wisps,
          minivault_23

Skill      XL: |  1  2  3  4  5  6  7  8  9 10 11 12 |
---------------+-------------------------------------+-----
Ice Magic      | 1 2 3 4 |  4.0
Transmutations | 3 4 5 6 8 9 10 11 | 11.6
Fighting       | 2 3 4 5 6 7 |  7.9
Dodging        | 3 4 5 6 7 8 |  8.2
Spellcasting   | 3 4 5 6 7 |  7.6
Unarmed Combat | 4 5 6 7 8 |  8.5
Summonings     | 1 3 |  3.3
Translocations | 1 3 |  3.3

Action                   |  1- 3 |  4- 6 |  7- 9 | 10-12 || total
-------------------------+-------+-------+-------+-------++-------
Melee: Unarmed           |    74 |   136 |   230 |   490 ||   930
       Constrict         |    20 |    23 |     2 |     3 ||    48
       Kick              |    15 |    28 |       |       ||    43
       Tentacles         |    10 |    12 |       |     8 ||    30
       Punch             |       |     3 |       |     1 ||     4
 Cast: Beastly Appendage |    18 |    19 |     1 |       ||    38
       Wereblood         |    14 |    18 |    43 |    53 ||   128
       Ice Form          |       |     8 |    45 |    48 ||   101
Invok: Call Merchant     |       |       |     1 |     2 ||     3
  Use: Scroll            |     5 |     2 |     7 |     9 ||    23
       Potion            |       |       |       |     1 ||     1
 Stab: Sleeping          |     9 |     2 |       |       ||    11
       Distracted        |       |       |       |     4 ||     4
Armor: Skin              |     7 |    15 |    57 |    70 ||   149
Dodge: Dodged            |    47 |    66 |   102 |   315 ||   530

Table legend: (Time is in decaauts)
 A = Elapsed time spent in this place.
 B = Non-inter-level travel time spent in this place.
 C = Inter-level travel time spent in this place.
 D = Time resting spent in this place.
 E = Time spent auto-exploring this place.
 F = Levels seen in this place.
 G = Mean time per level.
                   A        B        C        D        E       F      G
               +--------+--------+--------+--------+--------+-----+--------+
         Total |  15370 |  14813 |    557 |    102 |  12030 |  14 | 1097.9 |
       Dungeon |  13712 |  13201 |    511 |    102 |  10819 |  11 | 1246.5 |
          Lair |   1315 |   1270 |     45 |      0 |    984 |   2 |  657.5 |
        Bailey |    342 |    342 |      0 |      0 |    227 |   1 |  342.0 |
               +--------+--------+--------+--------+--------+-----+--------+

Top non-repeatable levels by time:
     D:5: 1744 daAuts
     D:3: 1459 daAuts
     D:4: 1420 daAuts
     D:7: 1399 daAuts
     D:6: 1325 daAuts
     D:8: 1323 daAuts
  Lair:1: 1303 daAuts
     D:2: 1114 daAuts
     D:9: 1098 daAuts
     D:1: 1049 daAuts
    D:11: 982 daAuts
    D:10: 794 daAuts
  Bailey: 342 daAuts
  Lair:2: 11 daAuts
